Map: Dusk Towers

Players

SticklerMac - Winner!

  • Race: Zerg Zerg
  • League: Platinum

Tfk

  • Race: Terran Terran
  • League: Silver

VOD

Have the link to the VOD?

Description

Time

  • Played on: Nov. 14, 2015, 7:25 p.m.
  • Length: 11:56
Show
View Real Time Build Order
Export as new Build Order

SticklerMac Zerg - Winner!

Build Orders: Hatch First, Muta Ling Bane 

Get SALT Encoding   

  12  0:01  Drone  
  13  0:13  Overlord  
  13  0:18  Drone  
  14  0:31  Drone x2  
  16  0:36  Drone  
  17  0:55  Hatchery  
  16  0:57  Drone  
  16  1:01  Drone  
  16  1:02  Extractor  
  17  1:07  Drone  
  18  1:20  Spawning Pool  
  18  1:24  Drone  
  18  1:29  Drone  
  19  1:42  Overlord  
  19  2:04  Drone x2  
  21  2:09  Metabolic Boost  
  21  2:10  Queen  
  21  2:11  Queen  
  21  2:14  Zergling x4  
  27  2:18  Drone  
  28  2:27  Drone  
  29  2:33  Drone  
  29  2:34  Drone  
  31  2:47  Zergling x4  
  33  2:54  Zergling x2  
  33  2:57  Drone  
  33  2:58  Baneling Nest  
  34  3:01  Zergling x2  
  35  3:09  Zergling x2  
  36  3:15  Overlord  
  36  3:32  Overlord x2  
  36  3:35  Hatchery  
  35  3:51  Zergling x4  
  37  3:59  Lair  
  37  4:01  Zergling x12  
  37  4:02  Zergling x2  
  44  4:04  Baneling x3  
  44  4:05  Baneling x4  
  44  4:07  Drone  
  41  4:32  Zergling x4  
  41  4:33  Zergling x14  
  41  4:34  Zergling x2  
  43  4:52  Drone x2  
  41  4:53  Drone  
  41  4:55  Queen  
  41  4:57  Drone x2  
  41  4:58  Drone x3  
  49  5:03  Drone  
  50  5:07  Drone  
  50  5:11  Drone x2  
  53  5:16  Extractor  
  53  5:21  Drone x3  
  55  5:41  Drone x3  
  58  5:43  Overlord x4  
  58  5:55  Overlord  
  58  5:56  Overlord, Spire  
  57  6:10  Drone x3  
  57  6:11  Drone x6  
  63  6:12  Drone x5  
  63  6:15  Extractor  
  63  6:17  Extractor  
  69  6:25  Zergling x6  
  72  6:28  Baneling x5  
  72  6:29  Baneling x6  
  72  6:30  Baneling x2  
  72  6:38  Drone  
  72  6:39  Drone x2  
  75  6:41  Drone  
  76  7:02  Extractor  
  76  7:03  Drone x4, Extractor  
  76  7:04  Drone x4  
  76  7:05  Overlord x2  
  82  7:09  Centrifical Hooks  
  82  7:10  Mutalisk  
  82  7:11  Mutalisk  
  86  7:16  Mutalisk  
  88  7:32  Mutalisk  
  88  7:33  Mutalisk  
  88  7:35  Zergling x16  
  87  7:44  Zergling x4  
  89  7:56  Mutalisk  
  89  7:57  Mutalisk x3  
  97  7:59  Zergling x4  
  97  8:05  Mutalisk  
  99  8:07  Zergling x2  
  102  8:20  Mutalisk x2  
  102  8:21  Mutalisk  
  102  8:22  Zergling x2  
  102  8:23  Zergling x6  
  112  8:30  Mutalisk  
  114  8:35  Overlord x3  
  114  8:36  Overlord  
  114  8:38  Hatchery  
  113  8:44  Overlord x2  
  113  8:45  Overlord x2  
  113  8:59  Overlord x4  
  113  9:00  Evolution Chamber, Mutalisk x4  
  113  9:01  Mutalisk  
  113  9:02  Evolution Chamber, Zergling x4  
  123  9:05  Mutalisk  
  125  9:10  Zergling x2  
  125  9:13  Mutalisk  
  125  9:15  Zergling x2  
  129  9:21  Mutalisk  
  129  9:22  Zergling x4  
  129  9:23  Zergling x2  
  134  9:25  Mutalisk  
  134  9:26  Zergling x8  
  134  9:29  Zerg Melee Weapons Level 1  
  140  9:32  Zergling x8  
  144  9:39  Zerg Ground Armor Level 1, Zergling x2  
  144  9:40  Zergling x2  
  146  9:46  Mutalisk  
  146  9:48  Zergling x2  
  146  9:50  Zergling x8  
  153  9:56  Mutalisk x2  
  153  9:57  Zergling x2  
  153  9:58  Zergling x10  
  163  10:09  Mutalisk x2  
  163  10:10  Zergling x4  
  169  10:14  Queen  
  171  10:27  Mutalisk x3  
  171  10:28  Zergling x8  
  179  10:29  Zergling x14  
  188  10:36  Zergling x4  
  188  10:37  Zergling x2  
  188  10:38  Zergling x2  
  192  10:43  Mutalisk  
  192  10:45  Zergling x2  
  192  10:46  Mutalisk  
  197  10:57  Mutalisk  
  197  10:59  Zergling x2  
  187  11:38  Zergling x4  
Show
View Real Time Build Order
Export as new Build Order

Tfk Terran 

Build Orders: Reaper Expand, Mech 

Get SALT Encoding   

  12  0:01  SCV  
  13  0:13  SCV  
  14  0:18  Supply Depot  
  14  0:26  SCV  
  15  0:41  Barracks  
  15  0:42  SCV  
  16  0:46  Refinery  
  16  0:54  SCV  
  17  1:10  SCV  
  18  1:22  SCV  
  19  1:28  Reaper  
  19  1:30  Supply Depot  
  20  1:34  Orbital Command  
  20  2:06  Command Center  
  20  2:10  Marine  
  20  2:13  Factory  
  21  2:17  Refinery  
  21  2:27  Marine  
  22  2:31  SCV  
  23  2:43  SCV  
  24  2:55  SCV  
  24  2:58  Factory Reactor  
  25  3:01  Barracks Reactor  
  25  3:16  Factory  
  25  3:21  Orbital Command  
  25  3:37  Hellion x2  
  25  3:40  Starport  
  29  3:43  Marine  
  29  3:44  Marine  
  29  3:46  Orbital Command  
  29  3:58  Hellion  
  29  4:01  Factory Tech Lab  
  31  4:06  Factory  
  31  4:07  Hellion  
  31  4:09  SCV  
  33  4:21  SCV, Starport Reactor  
  34  4:28  Supply Depot  
  32  4:39  Supply Depot  
  32  4:49  SCV  
  33  5:00  Factory Reactor, Orbital Command  
  33  5:01  SCV  
  34  5:13  Supply Depot, SCV  
  37  5:14  Hellion  
  37  5:34  Hellion x2  
  41  5:40  Infernal Pre-Igniter  
  41  5:44  SCV x2, Armory  
  43  5:51  Hellion  
  43  5:53  Hellion  
  47  5:59  Medivac  
  47  6:00  SCV  
  47  6:01  Marine x2  
  52  6:07  Supply Depot  
  52  6:11  SCV  
  53  6:12  SCV  
  54  6:21  Supply Depot  
  54  6:28  SCV, Marine x2  
  54  6:29  Hellion  
  54  6:31  Supply Depot  
  59  6:38  Engineering Bay  
  59  6:46  Marine x2  
  61  7:04  SCV, Marine x2  
  61  7:06  Hellion  
  61  7:07  Hellion  
  68  7:12  SCV  
  69  7:16  SCV  
  69  7:20  Terran Vehicle Weapons Level 1  
  69  7:21  Marine x2  
  72  7:24  SCV, Siege Tank  
  72  7:28  Hellion  
  58  7:50  Hellion x2  
  56  7:56  Siege Tank, Refinery  
  56  7:57  Refinery  
  59  8:07  Command Center  
  59  8:12  Hellion  
  61  8:21  Factory  
  61  8:25  Command Center  
  61  8:28  Cyclone  
  61  8:34  Viking, Missile Turret  
  66  8:52  Supply Depot, Factory  
  66  8:55  Supply Depot  
  66  8:58  Missile Turret  
  66  9:03  Missile Turret  
  66  9:05  Factory Tech Lab  
  66  9:17  Liberator  
  66  9:25  Siege Tank  
  71  9:37  Orbital Command  
  72  9:42  Supply Depot  
  74  9:45  Hellbat  
  74  9:46  Hellbat  
  76  9:54  Orbital Command  
  76  9:57  Cyclone  
  76  9:59  Missile Turret  
  79  10:02  Liberator  
  79  10:09  Missile Turret  
  79  10:10  Missile Turret  
  79  10:17  Cyclone  
  79  10:21  SCV  
  86  10:24  Orbital Command  
  86  10:29  Siege Tank  
  89  10:37  Factory Tech Lab  
  89  10:49  Cyclone  
  92  10:52  SCV  
  92  10:53  SCV x3  
  96  11:01  Cyclone  
  99  11:04  SCV  
  99  11:05  SCV x3  
  99  11:10  Fusion Core  
  103  11:13  Supply Depot  
  103  11:16  SCV  
  103  11:17  SCV x2  
Tags
 
Add a new tag
Caveats
  • Supply blocks, unpowered buildings, or Contaminate may cause inaccurate times.
  • Supply counts are checked every 10 seconds.